 Dungeon Crawl Stone Soup version 0.30.1-11-g7821555f0a (webtiles) character file.

Game seed: 241801996768455432

1250 RancidPinata the Trooper (level 8, -2/53 HPs)
             Began as a Gargoyle Gladiator on Dec 6, 2023.
             Slain by a gnoll
             ... wielding a +0 halberd
              (10 damage)
             ... on level 5 of the Dungeon.
             The game lasted 00:22:31 (5825 turns).

RancidPinata the Trooper (Gargoyle Gladiator)       Turns: 5825, Time: 00:22:32

Health: -2/53      AC: 13    Str: 20    XL:     8   Next: 50%
Magic:  8/8        EV: 11    Int: 15    God:
Gold:   101        SH:  0    Dex: 11    Spells: 7/7 levels left

rFire   . . .        y - +2 mace (holy)
rCold   . . .        (no shield)
rNeg    + . .        v - +0 ring mail
rPois   ∞            c - +0 helmet
rElec   +            (no cloak)
rCorr   .            (no gloves)
SInv    .            (no boots)
Will    .....        F - amulet of the acrobat
Stlth   +            a - +6 ring of intelligence
HPRegen 0.28/turn    (no ring)
MPRegen 0.11/turn

%: acrobat
@: no status effects
A: sickness immunity, AC +5, negative energy resistance 1, electricity
resistance, torment resistance 1, petrification resistance, shaggy fur 1
a: no special abilities


You were on level 5 of the Dungeon.
You visited 1 branch of the dungeon, and saw 5 of its levels.

You collected 231 gold pieces.
You spent 130 gold pieces at shops.

Inventory:

Hand Weapons
 s - a +4 club
 y - a +2 mace of holy wrath (weapon)
Missiles
 d - 3 throwing nets (quivered)
 e - a javelin
 g - 54 stones
 h - 6 boomerangs
Armour
 c - a +0 helmet (worn)
 v - a +0 ring mail (worn)
Jewellery
 a - a +6 ring of intelligence (left hand)
 n - an amulet of faith
 o - a ring of protection from fire
 u - a ring of wizardry
 F - an amulet of the acrobat (around neck)
Wands
 q - a wand of flame (47)
Scrolls
 i - 2 scrolls of fear
 j - a scroll of immolation {unknown}
 k - 3 scrolls of teleportation
 m - a scroll of summoning {unknown}
 x - a scroll of identify
 B - a scroll of vulnerability {unknown}
 C - a scroll of acquirement {unknown}
 D - a scroll of brand weapon {unknown}
 E - a scroll of fog {unknown}
Potions
 b - a potion of lignification {unknown}
 f - a potion of might {unknown}
 l - a potion of brilliance {unknown}
 p - a potion of degeneration {unknown}
 r - 3 potions of invisibility
 t - a potion of magic {unknown}
 z - a potion of haste {unknown}
 A - a potion of cancellation {unknown}


   Skills:
 * Level 7.3 Fighting
 + Level 5.3 Maces & Flails
 + Level 4.3 Throwing
 + Level 4.6 Armour
 - Level 2.4 Dodging


You had 7 spell levels left.
You didn't know any spells.
Your spell library contained the following spells:

 Spells                   Type           Power      Damage    Failure   Level
 Lesser Beckoning         Tloc           0%         N/A       54%         2
 Wereblood                Tmut           0%         N/A       54%         2
 Gell's Gravitas          Tloc           0%         N/A       78%         3
 Teleport Other           Tloc           0%         N/A       78%         3
 Summon Hydra             Summ           0%         N/A       100%        7
 Sublimation of Blood     Necr           Unusable   N/A       N/A         2

Dungeon Overview and Level Annotations

Branches:
Dungeon (5/15)
 Temple: D:4-7

Altars:
Elyvilon
Kikubaaqudgha
Qazlal
Wu Jian

Shops:
D:1 *   D:3 !   D:4 :


Innate Abilities, Weirdness & Mutations

You are immune to sickness and miasma.
Your stone body is resilient. (AC +5)
You are immune to poison.
You resist negative energy. (rN+)
You are resistant to electric shocks. (rElec)
You are resistant to unholy torment.
You are immune to petrification.
You are covered in fur. (AC +1)


Message History

The ice beast is moderately wounded.
The ice beast hits you but does no damage.
The gnoll barely misses you.
You barely miss the ice beast.
The ice beast is moderately wounded.
The ice beast barely misses you. The gnoll closely misses you. x2
The ice beast closely misses you.
You thump the ice beast!
The ice beast is severely wounded.
The ice beast misses you. The gnoll closely misses you.
A dart slug comes into view.
You hit the ice beast.
The ice beast is almost dead.
The gnoll misses you.
The ice beast hits you but does no damage.
You hit the ice beast.
The ice beast is almost dead.
A dart slug comes into view.
The gnoll barely misses you. The ice beast misses you.
You sock the ice beast!
You kill the ice beast!
The gnoll hits you but does no damage. The dart slug launches a dart at you.
The slug dart hits you but does no damage.
The gnoll completely misses you.
Items here: ))) ? [ †††.
You hit the gnoll.
The gnoll is moderately wounded.
The gnoll hits you with a +0 halberd.
* * * LOW HITPOINT WARNING * * *
You hit the gnoll but do no damage.
The gnoll is moderately wounded.
A hound comes into view.
The gnoll hits you with a +0 halberd.
* * * LOW HITPOINT WARNING * * *
You closely miss the gnoll.
The gnoll is moderately wounded.
The hound barks!
The gnoll hits you with a +0 halberd!
You die...

########..#
#..# ##..#
#...# ##..##
##...# #...##
########...#
#..@g.....##
#..##..ww..#
#.# ###....#
#. ##.h.# #
###.#####..#
#......g....
#.......g....
#....###5....
# #..### ####
#


You could see a hound, a gnoll and 2 dart slugs.

Vanquished Creatures
  Sigmund (D:2)
  An ice beast (D:5)
  An ogre (D:4)
  4 wights (D:5)
  A howler monkey (D:4)
  3 vampire bats (D:5)
  A hound (D:5)
  2 jellies (D:5)
  An orc priest (D:2)
  Jessica (D:2)
  4 sleepcaps
  2 orc wizards
  6 adders
  9 gnolls
  2 ufetubi (D:5)
  A dart slug (D:2)
  16 orcs
  7 bats
  5 bat skeletons (D:5)
  6 endoplasms
  2 giant cockroaches (D:4)
  8 goblins
  7 hobgoblins
  10 jackals
  2 quokkas
  6 ball pythons
  5 frilled lizards
  4 kobolds
  4 rats
122 creatures vanquished.

Vanquished Creatures (others)
  An orc (D:4)
1 creature vanquished.

Grand Total: 123 creatures vanquished

Notes
Turn   | Place    | Note
-------+----------+-------------------------------------------
     0 | D:1      | RancidPinata the Gargoyle Gladiator began the quest for the
                  | Orb.
     0 | D:1      | Reached XP level 1. HP: 12/12 MP: 1/1
    19 | D:1      | Found Xiusoth's Assorted Antiques.
   239 | D:1      | Reached XP level 2. HP: 17/18 MP: 2/2
   611 | D:2      | Reached skill level 1 in Armour
   611 | D:2      | Reached XP level 3. HP: 14/22 MP: 3/3
   650 | D:2      | Reached skill level 3 in Fighting
   816 | D:2      | Noticed Sigmund
   826 | D:2      | Killed Sigmund
   827 | D:2      | Reached skill level 4 in Fighting
   827 | D:2      | Reached XP level 4. HP: 29/29 MP: 4/4
   827 | D:2      | Reached XP level 5. HP: 33/33 MP: 5/5
  1028 | D:2      | Noticed Jessica
  1044 | D:2      | Killed Jessica
  1045 | D:2      | Reached XP level 6. HP: 36/39 MP: 6/6
  1109 | D:2      | Noticed a shining eye
  1111 | D:2      | Found a faded altar of an unknown god.
  1112 | D:2      | Noticed an eye of devastation
  1112 | D:2      | Noticed a floating eye
  1112 | D:2      | Noticed a shining eye
  2017 | D:3      | Found a stormy altar of Qazlal.
  2092 | D:3      | Found Rasetics's Distillery.
  2105 | D:3      | Bought a potion of heal wounds for 50 gold pieces
  2105 | D:3      | Bought a potion of mutation for 80 gold pieces
  2685 | D:3      | Reached skill level 5 in Fighting
  2930 | D:5      | Entered Level 5 of the Dungeon
  2994 | D:3      | Gained mutation: You have an increased reservoir of magic.
                  | (+10% MP) [potion of mutation]
  2995 | D:3      | Lost mutation: You have an increased reservoir of magic.
                  | (+10% MP) [potion of mutation]
  2995 | D:3      | Gained mutation: You are covered in fur. (AC +1) [potion of
                  | mutation]
  3445 | D:4      | Reached XP level 7. HP: 39/44 MP: 7/7
  3887 | D:4      | Found a white marble altar of Elyvilon.
  4388 | D:4      | Found Naklutel's Book Boutique.
  4935 | D:5      | Reached skill level 6 in Fighting
  4939 | D:5      | Found an ancient bone altar of Kikubaaqudgha.
  5118 | D:5      | Reached XP level 8. HP: 52/52 MP: 8/8
  5134 | D:5      | Reached skill level 5 in Maces & Flails
  5303 | D:5      | Found an ornate altar of the Wu Jian Council.
  5604 | D:5      | Reached skill level 7 in Fighting
  5825 | D:5      | Slain by a gnoll

Illustrated notes

Levels and vault maps discovered:
D:1:      saegor_arrival_simple_d, layout_rooms, serial_shops,
          nicolae_shop_stone, corexii_leaking_fountain
D:2:      layout_basic, hellmonk_ecumenical_altar_watching_god, uniq_sigmund,
          uniq_jessica
D:3:      layout_loops_cross, amcnicky_altar_gilded, serial_shops,
          nicolae_shop_tiny_waterfront, hellmonk_no_cap
D:4:      layout_basic, elyvilon_altar_1, nicolae_inconvenience_store
D:5:      layout_layer_cave, nzn_wu_jian_contemplation,
          kennysheep_vampire_church, minmay_ruined_shrine

Skill      XL: |  1  2  3  4  5  6  7  8 |
---------------+-------------------------+-----
Throwing       | 2 3 4 |  4.3
Armour         | 1 2 3 4 |  4.6
Fighting       | 4 5 6 7 |  7.3
Maces & Flails | 4 5 |  5.3
Dodging        | |  2.4

Action                     |  1- 3 |  4- 6 |  7- 9 || total
---------------------------+-------+-------+-------++-------
  Melee: Flail             |    93 |    26 |       ||   119
         Punch             |     2 |     1 |     2 ||     5
         Club              |       |   158 |    48 ||   206
         Mace              |       |       |   151 ||   151
  Throw: Throwing net      |     1 |       |     1 ||     2
  Evoke: Wand              |       |     1 |       ||     1
    Use: Scroll            |       |     3 |     2 ||     5
         Potion            |       |     2 |     2 ||     4
 Armour: Leather armour    |    35 |    22 |       ||    57
         Ring mail         |       |    86 |   110 ||   196
  Dodge: Dodged            |    58 |   141 |   142 ||   341
